 Dungeon Crawl Stone Soup version 0.31-a0-177-g4aa6249778 (webtiles) character file.

Game seed: 2616941589272972688

6 Moral the Firebug (level 2, 0/19 HPs)
             Began as a Formicid Fire Elementalist on June 18, 2023.
             Slain by an adder (3 damage)
             ... on level 2 of the Dungeon.
             The game lasted 00:02:55 (310 turns).

Moral the Firebug (Formicid Fire Elementalist)       Turns: 310, Time: 00:02:55

Health: 0/19       AC:  2    Str: 12    XL:     2   Next: 0%
Magic:  1/5        EV: 12    Int: 14    God:
Gold:   45         SH:  5    Dex: 14    Spells: 4/5 levels left

rFire   . . .        (no weapon)
rCold   . . .        (no shield)
rNeg    . . .        a - +0 robe
rPois   .            (helmet unavailable)
rElec   .            (no cloak)
rCorr   .            (no gloves)
SInv    +            (no boots)
Will    .....        e - amulet of reflection
Stlth   ++           (no ring)
HPRegen 0.23/turn    (no ring)
MPRegen 0.09/turn

%: reflection
@: no status effects
A: permanent stasis, dig shafts and tunnels, antennae 3, four strong arms
a: Dig, Shaft Self


You were on level 2 of the Dungeon.
You visited 1 branch of the dungeon, and saw 2 of its levels.

You collected 45 gold pieces.

Inventory:

Armour
 a - a +0 robe (worn)
Jewellery
 e - an amulet of reflection (around neck)
Scrolls
 d - 2 scrolls of identify {unknown}
 f - a scroll of revelation {unknown}
Potions
 b - a potion of magic
 c - a potion of brilliance {unknown}
 g - a potion of curing {unknown}


   Skills:
 + Level 0.0 Fighting
 - Level 1.9 Dodging
 * Level 2.6 Stealth
 + Level 2.3 Spellcasting
 - Level 1.0 Conjurations
 + Level 3.0 Fire Magic


You had 4 spell levels left.
You knew the following spells:

 Your Spells              Type           Power      Damage    Failure   Level
a - Foxfire               Conj/Fire      28%        2x1d5     10%         1

Your spell library contained the following spells:

 Spells                   Type           Power      Damage    Failure   Level
 Scorch                   Fire           20%        2d5       10%         2
 Inner Flame              Hex/Fire       5%         N/A       36%         3
 Volatile Blastmotes      Fire/Tloc      10%        2d10      36%         3
 Flame Wave               Conj/Fire      7%         2d5       69%         4


Dungeon Overview and Level Annotations

Branches:
Dungeon (1/15)

Altars:


Innate Abilities, Weirdness & Mutations

You cannot be hasted, slowed, berserked, paralysed or teleported.
You can dig through walls and to a lower floor.
You have a pair of large antennae on your head. (SInv)
Your four strong arms can wield two-handed weapons with a shield.


Message History

You miss the adder.
The adder is moderately wounded.
You block the adder's attack. The ball python closely misses you. x2
The adder attacks as you move away! The adder bites you but does no damage.
The adder barely misses you. The adder bites you.
The adder attacks as you move away! The adder barely misses you.
You block the adder's attack. The adder attacks as you move away!
You block the adder's attack. The adder misses you.
There is an escape hatch in the floor here.
The adder attacks as you move away! The adder misses you.
You block the adder's attack.
Casting: Foxfire (safe; 10% risk of failure)
Confirm with . or Enter, or press ? or * to list all spells.
You conjure some foxfire!
The adder bites you but does no damage.
The foxfire hits the ball python.
The ball python is severely wounded.
You block the adder's attack.
Your foxfire dissipates!
The adder attacks as you move away! The adder bites you.
You are poisoned.
The adder poisons you!
You feel sick.
You feel sick.
You feel sick.
You feel sick. The adder closely misses you.
The adder attacks as you move away! The adder bites you but does no damage.
You feel sick.
You feel sick.
You are no longer poisoned.
The adder attacks as you move away! The adder bites you.
* * * LOW HITPOINT WARNING * * *
The ball python attacks as you move away!
The ball python completely misses you. The adder closely misses you.
The adder attacks as you move away! The adder barely misses you.
The ball python attacks as you move away!
The ball python bites you.
* * * LOW HITPOINT WARNING * * *
You block the adder's attack. The adder attacks as you move away!
The adder bites you.
You die...

#......#####.##....
#............##..###
#####w..............#..
............#..........
#....:!.......#.....#.#
#.................#
##..#######..##.####
.#..#.SS# #..##.#
.......@#######.†#..####
##..#...........>...)...
....#.######.....#.#####
##.##.# #.#...#.# #.##.#
#.#####.# #.##.# #.# #.#
##.##.# #.# #.#
#..##.######.#####)#####
#.###.....##............


You could see an adder, a dart slug and a ball python.

Vanquished Creatures
  2 goblins (D:2)
  A quokka (D:2)
  2 ball pythons
5 creatures vanquished.

Vanquished Creatures (others)
  11 foxfires
11 creatures vanquished.

Grand Total: 16 creatures vanquished

Notes
Turn   | Place    | Note
-------+----------+-------------------------------------------
     0 | D:1      | Moral the Formicid Fire Elementalist began the quest for
                  | the Orb.
     0 | D:1      | Reached XP level 1. HP: 13/13 MP: 3/3
    52 | D:1      | You fall into a shaft and drop 1 floor!
   214 | D:2      | Found a faded altar of an unknown god.
   247 | D:2      | Reached skill level 1 in Conjurations
   265 | D:2      | Reached XP level 2. HP: 19/19 MP: 0/5
   310 | D:2      | Slain by an adder

Illustrated notes

Levels and vault maps discovered:
D:1:      evilmike_arrival_plus, layout_rooms, minmay_heptomino_h4
D:2:      layout_loops_ring, nicolae_ecumenical_pavilion, serial_shops,
          nicolae_shop_tiny_glass, basic_altar

Skill      XL: |  1 |
---------------+----+-----
Conjurations   | 1 |  1.0
Dodging        | |  1.9
Stealth        | |  2.6
Spellcasting   | |  2.3
Fire Magic     | |  3.0

Action                     || total
---------------------------++-------
  Melee: Unarmed           ||     8
   Cast: Foxfire           ||    12
Ability: Dig               ||     1
         Shaft Self        ||     1
 Armour: Robe              ||     8
  Dodge: Dodged            ||    24
  Block: Other             ||     8

Table legend: (Time is in decaauts)
 A = Elapsed time spent in this place.
 B = Non-inter-level travel time spent in this place.
 C = Inter-level travel time spent in this place.
 D = Time resting spent in this place.
 E = Time spent auto-exploring this place.
 F = Levels seen in this place.
 G = Mean time per level.
                   A        B        C        D        E       F      G
               +--------+--------+--------+--------+--------+-----+--------+
         Total |    309 |    309 |      0 |     47 |     57 |   2 |  154.5 |
       Dungeon |    309 |    309 |      0 |     47 |     57 |   2 |  154.5 |
               +--------+--------+--------+--------+--------+-----+--------+

Top non-repeatable levels by time:
     D:2: 257 daAuts
     D:1: 52 daAuts
